 Dungeon Crawl Stone Soup version 0.26-a0-597-gb535b0901c (webtiles) character file.

Game seed: 4711049310275633093

68 Lanoc the Skirmisher (level 4, -2/29 HPs)
             Began as a Gargoyle Berserker on Aug 25, 2020.
             Was a Believer of Trog.
             Slain by a phantom (8 damage)
             ... on level 4 of the Dungeon.
             The game lasted 00:01:15 (968 turns).

Lanoc the Skirmisher (Gargoyle Berserker)            Turns: 968, Time: 00:01:15

Health: -2/29      AC:  5    Str: 21    XL:     4   Next: 19%
Magic:  4/4        EV:  9    Int:  7    God:    Trog [**....]
Gold:   37         SH:  7    Dex: 10    Spells: 3/3 levels left

rFire    . . .     SeeInvis .   a - +0 falchion
rCold    . . .     Faith    .   d - +0 kite shield
rNeg     + . .     Spirit   .   b - +0 animal skin
rPois    ∞         Reflect  .   (no helmet)
rElec    +         Harm     .   (no cloak)
rCorr    .                      (no gloves)
MR       .....                  (no boots)
Stlth    +.........             (no amulet)
HPRegen  0.09/turn              (no ring)
MPRegen  0.09/turn              (no ring)

@: berserk cooldown, slowed, very slow
A: negative energy resistance 1, electricity resistance, unbreathing,
petrification resistance, rot immunity, AC +3
a: Berserk, Trog's Hand, Renounce Religion


You were on level 4 of the Dungeon.
You worshipped Trog.
Trog was pleased with you.
You visited 1 branch of the dungeon, and saw 4 of its levels.

You collected 37 gold pieces.

Inventory:

Hand Weapons
 a - a +0 falchion (weapon)
Armour
 b - a +0 animal skin (worn)
 d - a +0 kite shield (worn)
Scrolls
 c - 2 scrolls of identify {unknown}
 e - a scroll of teleportation {unknown}
 f - a scroll of immolation {unknown}
 g - 2 scrolls of random uselessness {unknown}
 h - 3 scrolls of remove curse {unknown}
 i - 2 scrolls of fog {unknown}


   Skills:
 + Level 3.8 Fighting
 * Level 3.4 Long Blades
 + Level 2.8 Armour
 + Level 2.0 Dodging
 + Level 0.4 Shields


You had 3 spell levels left.
You didn't know any spells.
Your spell library was empty.

Dungeon Overview and Level Annotations

Branches:
Dungeon (4/15)
 Temple: D:4-7

Altars:


Innate Abilities, Weirdness & Mutations

You are resistant to torment.
Your stone body is resilient. (AC +3)
You are immune to poison.
You resist negative energy. (rN+)
You are resistant to electric shocks. (rElec)
You can survive without breathing.
You are immune to petrification.
You are immune to rotting.


Message History

You feel yourself slow down. The phantom hits you!
You hit the phantom but do no damage.
The phantom is heavily damaged.
The phantom hits you!
* * * LOW HITPOINT WARNING * * *
The phantom hits you.
* * * LOW HITPOINT WARNING * * *
The phantom blinks!
You are too injured to fight recklessly!
You are too injured to fight recklessly!
The phantom barely misses you.
You riposte.
You hit the phantom.
The phantom is heavily damaged.
The phantom closely misses you.
You riposte.
You barely miss the phantom.
The phantom is heavily damaged.
There is a stone staircase leading down here.
The phantom hits you.
* * * LOW HITPOINT WARNING * * *
The phantom hits you but does no damage.
The phantom hits you!
You die...

...#......# #..
#........## #...
#........# #..#
##.......#### #...#
#...........#####...#
...........>..#.....#
....................#
....................#
...............W@...#
....................#
....................#
....................#
......................
..................###..
....######......### ###
..... ##...## ..#...


You could see a phantom.

Vanquished Creatures
  A worker ant (D:4)
  An adder (D:3)
  An ooze (D:2)
  A worm (D:2)
  A leopard gecko (D:3)
  2 orcs
  A ball python (D:3)
  A giant cockroach (D:2)
  A goblin (D:2)
  8 jackals
  2 quokkas
  2 bats (D:3)
  A frilled lizard (D:2)
  A kobold (D:2)
  A rat (D:2)
25 creatures vanquished.

Notes
Turn   | Place    | Note
-------+----------+-------------------------------------------
     0 | D:1      | Lanoc the Gargoyle Berserker began the quest for the Orb.
     0 | D:1      | Reached XP level 1. HP: 14/14 MP: 1/1
    63 | D:2      | Reached XP level 2. HP: 19/19 MP: 2/2
   181 | D:3      | Reached XP level 3. HP: 23/23 MP: 3/3
   505 | D:4      | Reached XP level 4. HP: 11/29 MP: 4/4
   751 | D:4      | Reached ** piety under Trog
   936 | D:4      | Noticed a phantom
   968 | D:4      | Slain by a phantom

Illustrated notes

Levels and vault maps discovered:
D:1:      dpeg_arrival_three_bigger_balls, layout_basic, lemuel_another_geyser
D:2:      minmay_chambers_of_twos, layout_basic
D:3:      layout_basic, lemuel_doored_altar, old_standard_altar,
          chequers_temple_overflow_statue_of_worship, ebering_ghost_gozag
D:4:      layout_layer_cave, uniq_ijyb

Skill      XL: |  1  2  3 |
---------------+----------+-----
Long Blades    | 3 |  3.4
Dodging        | 2 |  2.0
Fighting       | |  3.8
Armour         | |  2.8
Shields        | |  0.4

Action                   |  1- 3 |  4- 6 || total
-------------------------+-------+-------++-------
Melee: Falchion          |    83 |    17 ||   100
Invok: Berserk           |     3 |     1 ||     4
 Stab: Sleeping          |     1 |       ||     1
Armor: Animal skin       |    28 |     6 ||    34
Dodge: Dodged            |    70 |    13 ||    83
Block: Kite shield       |     6 |     8 ||    14
       Rpst.: Falchion   |    17 |     3 ||    20

Table legend: (Time is in decaauts)
 A = Elapsed time spent in this place.
 B = Non-inter-level travel time spent in this place.
 C = Inter-level travel time spent in this place.
 D = Time resting spent in this place.
 E = Time spent auto-exploring this place.
 F = Levels seen in this place.
 G = Mean time per level.
                   A        B        C        D        E       F      G
               +--------+--------+--------+--------+--------+-----+--------+
         Total |   1009 |    997 |     12 |      0 |    771 |   4 |  252.2 |
       Dungeon |   1009 |    997 |     12 |      0 |    771 |   4 |  252.2 |
               +--------+--------+--------+--------+--------+-----+--------+

Top non-repeatable levels by time:
     D:4: 566 daAuts
     D:3: 266 daAuts
     D:2: 126 daAuts
     D:1: 50 daAuts
